 Dungeon Crawl Stone Soup version 0.31-a0-431-g88bdf31460 (webtiles) character file.

Game seed: 10710250082852257374

4618 CraigForest the Grappler (level 10, -12/71 HPs)
             Began as a Yellow Draconian Shapeshifter on July 31, 2023.
             Was a Follower of Elyvilon.
             Mangled by an orc warrior
             ... wielding a +0 broad axe
              (14 damage)
             ... in a bailey.
             The game lasted 00:44:30 (7190 turns).

CraigForest the Grappler (DrSh)                     Turns: 7190, Time: 00:44:31

Health: -12/71     AC:  3    Str: 22    XL:     10   Next: 19%
Magic:  10/10      EV: 14    Int:  9    God:    Elyvilon [*.....]
Gold:   1074       SH:  5    Dex: 11    Spells: 9/9 levels left

rFire   . .          .
                       - Unarmed
rCold   . . .        (no shield)
rNeg    . . .        (body armour unavailable)
rPois   .            (helmet currently unavailable)
rElec   .            (cloak currently unavailable)
rCorr   +            (gloves currently unavailable)
SInv    .            (boots currently unavailable)
Will    +....        z - amulet of reflection
Stlth   +            s - ring of willpower
HPRegen 0.31/turn    (no ring)
MPRegen 0.12/turn

%: reflection
@: beast-form, corroded, studying Shapeshifting
A: beast (slay +7), spit acid, AC +7, unfitting armour, cold-blooded, acid
resistance
a: Breathe Acid, Begin Untransformation, Renounce Religion, Purification


You were in a bailey.
You worshipped Elyvilon.
Elyvilon was aware of your devotion.
You were a hulking beast.
You visited 2 branches of the dungeon, and saw 8 of its levels.
You also visited: Sewer and Bailey.

You collected 1074 gold pieces.

Inventory:

Hand Weapons
 j - a +3 flail of holy wrath
 n - a +5 dire flail of holy wrath
 A - a +0 battleaxe
 B - a +3 halberd
Missiles
 c - 29 poisoned darts
 i - a throwing net
 p - 9 boomerangs
 u - a curare-tipped dart
Armour
 r - a +1 helmet
 y - a +0 pair of gloves
 D - a +1 cloak
Jewellery
 o - a ring of resist corrosion
 s - a ring of willpower (left hand)
 z - an amulet of reflection (around neck)
Talismans
 b - a beast talisman (active)
Wands
 l - a wand of mindburst (18)
 m - a wand of paralysis (5)
Scrolls
 h - 2 scrolls of fog
 q - a scroll of enchant weapon
 t - 2 scrolls of teleportation
Potions
 a - a potion of lignification
 d - 3 potions of curing
 e - a potion of resistance
 f - a potion of magic {unknown}
 g - 2 potions of enlightenment {unknown}
 k - 4 potions of ambrosia {unknown}
 v - a potion of might {unknown}
 w - 2 potions of brilliance {unknown}
 x - a potion of degeneration {unknown}


   Skills:
 - Level 1.1 Fighting
 - Level 6.0 Dodging
 + Level 10.2 Unarmed Combat
 - Level 10.0 Shapeshifting


You had 9 spell levels left.
You didn't know any spells.
Your spell library contained the following spells:

 Spells                   Type           Power      Damage    Failure   Level
 Kiss of Death            Conj/Necr      0%         2d5       38%         1
 Static Discharge         Conj/Air       0%         2-2/arc   52%         2
 Confusing Touch          Hex            0%         N/A       77%         3
 Airstrike                Air            0%         2d(0-16)  99%         4
 Dispel Undead            Necr           0%         3d6       99%         4
 Summon Lightning Spire   Summ/Air       0%         N/A       99%         4


Dungeon Overview and Level Annotations

Branches:
Dungeon (7/15)             Temple (1/1) D:5           Sewer (visited)
 Bailey (1/1)

Altars:
Ashenzari
Cheibriados
Elyvilon
Fedhas
Gozag
Kikubaaqudgha
Makhleb
Nemelex Xobeh
Okawaru
Qazlal
Ru
Sif Muna
Vehumet
Wu Jian
Xom
Yredelemnul
Zin

Annotations:
Temple 2 transporters


Innate Abilities, Weirdness & Mutations

You are a hulking beast.
Your limbs bulge with bestial killing power. (Slay +7)
You can spit globs of acid.
Your golden yellow scales are hard. (AC +7)
You cannot fit into any form of body armour.
You are cold-blooded and may be slowed by cold attacks.
You are resistant to acid. (rCorr)


Message History

The sixfirhy hits you! The sixfirhy shocks you!
* * * LOW HITPOINT WARNING * * *
The sixfirhy hits you but does no damage.
The kobold demonologist looks satisfied for a moment.
The rust devil hits you.
* * * LOW HITPOINT WARNING * * *
The sixfirhy barely misses you.
You barely miss the kobold demonologist.
Your tail-slap misses the kobold demonologist.
The kobold demonologist is almost dead.
You block the kobold demonologist's attack.
The rust devil hits you. The rust devil corrodes you!
You punch the kobold demonologist!
You kill the kobold demonologist!
The iron imp disappears in a puff of smoke!
The white imp disappears in a puff of smoke! x2
The rust devil disappears in a puff of smoke!
The sixfirhy disappears in a puff of smoke!
Training target 10.0 for Shapeshifting reached!
Your Shapeshifting skill increases to level 10!
You need to enable at least one skill for training.
The kobold demonologist casts a cantrip, but nothing happens.
Things that are here:
a +0 war axe; a +0 ring mail; an orc corpse The orc warrior attacks as you move away!
The orc warrior hits you with a +0 broad axe!
* * * LOW HITPOINT WARNING * * *
The orc warrior attacks as you move away!
The orc warrior misses you.
The orc warrior attacks as you move away!
You block the orc warrior's attack.
You feel better.
The orc warrior hits you with a +0 broad axe!
* * * LOW HITPOINT WARNING * * *
You have got your breath back.
Things that are here:
a +0 hand axe; a +0 leather armour; an orc skeleton The orc warrior attacks as you move away!
The orc warrior hits you with a +0 broad axe!
You die...

....# ...#..8.8).#.~≈≈≈≈≈#
.⌠..# ._.'..)4K)..∩~≈≈≈≈≈#
....# ...#..8.8.)#.~≈≈≈≈≈#
....# #########.~≈≈≈≈≈#
'##### #..#4~≈≈≈≈≈# ))...#
#[[#.~≈≈≈≈≈# .....#
+[[#.K≈≈≈≈≈#
##...##############.#≈≈≈≈≈#
#.8.8.8)'.....#ho4.#≈≈≈≈≈#
#...).))#.....')...#≈≈≈≈≈#
###############..#'#≈≈≈≈≈#
........'..#.# ≈≈≈≈#
~~~~~~~~###### ≈≈≈#
≈≈≈≈≈≈≈≈≈≈≈≈≈≈≈
≈≈≈≈≈≈≈≈≈≈≈≈≈≈≈
≈≈≈≈≈≈≈≈≈≈≈≈≈≈≈
≈≈≈≈≈≈≈≈≈≈≈≈≈≈≈


You could see a rust devil (summoned) and an orc warrior.

Vanquished Creatures
  The ghost of Pooter the Insei, a novice DgSh (D:6)
  An orc knight (Bailey)
  A kobold demonologist (Bailey)
  Grinder (D:5)
  Sigmund (D:2)
  Eustachio (D:6)
  Edmund (D:4)
  2 ice beasts
  7 orc warriors
  A black bear (D:5)
  An ogre (D:4)
  A centaur (D:5)
  2 phantoms (D:6)
  8 kobold brigands (Sewer)
  A bullfrog (D:6)
  3 scorpions
  5 wights (D:7)
  An electric eel (Bailey)
  A howler monkey (D:5)
  2 hounds
  A gnoll bouda (D:5)
  A jelly (D:6)
  Crazy Yiuf (D:6)
  An orc priest (D:6)
  2 iguanas
  An orc wizard (D:3)
  5 adders
  10 gnolls
  2 river rats (Sewer)
  2 dart slugs
  4 worms
  30 orcs
  4 bats
  11 endoplasms
  6 giant cockroaches
  14 goblins
  7 hobgoblins
  3 jackals (D:2)
  3 quokkas
  11 ball pythons
  4 frilled lizards
  11 kobolds
  5 rats
181 creatures vanquished.

Vanquished Creatures (others)
  A goblin (D:2)
1 creature vanquished.

Grand Total: 182 creatures vanquished

Notes
Turn   | Place    | Note
-------+----------+-------------------------------------------
     0 | D:1      | CraigForest the Draconian Shapeshifter began the quest for
                  | the Orb.
     0 | D:1      | Reached XP level 1. HP: 16/16 MP: 1/1
   141 | D:1      | Reached XP level 2. HP: 23/23 MP: 2/2
   612 | D:2      | Noticed Sigmund
   621 | D:2      | Killed Sigmund
   622 | D:2      | Reached XP level 3. HP: 28/28 MP: 3/3
   622 | D:2      | Reached XP level 4. HP: 35/35 MP: 4/4
   622 | D:2      | Reached XP level 5. HP: 40/40 MP: 5/5
  1703 | D:3      | Reached XP level 6. HP: 25/47 MP: 6/6
  2311 | D:4      | Noticed Edmund
  2317 | D:4      | Killed Edmund
  2319 | D:4      | Noticed an ice beast
  2327 | D:4      | Killed an ice beast
  2328 | D:4      | Your scales start taking on a golden yellow colour.
  2328 | D:4      | Reached XP level 7. HP: 39/52 MP: 7/7
  2328 | D:4      | Gained mutation: You are resistant to acid. (rCorr) [Yellow
                  | Draconian growth]
  3055 | D:5      | Entered Level 5 of the Dungeon
  3377 | D:5      | Reached skill level 5 in Shapeshifting
  3452 | D:5      | Reached XP level 8. HP: 51/59 MP: 8/8
  3452 | D:5      | Found a glowing drain.
  3473 | Sewer    | Entered a sewer
  4626 | D:5      | Found a staircase to the Ecumenical Temple.
  4640 | Temple   | Found a transporter.
  4640 | Temple   | Found a transporter.
  4640 | Temple   | Found a transporter.
  4640 | Temple   | Found a transporter.
  4640 | Temple   | Entered the Ecumenical Temple
  4662 | Temple   | Became a worshipper of Elyvilon the Healer
  4820 | D:6      | Noticed Grinder
  4835 | D:5      | Killed Grinder
  4836 | D:5      | Reached skill level 10 in Unarmed Combat
  5051 | D:6      | Reached XP level 9. HP: 64/64 MP: 9/9
  5462 | D:6      | Noticed Eustachio
  5473 | D:6      | Killed Eustachio
  5503 | D:6      | Reached * piety under Elyvilon
  5604 | D:6      | Found a runed translucent door.
  5613 | D:6      | Noticed Pooter's ghost (novice DgSh)
  5629 | D:6      | Killed Pooter's ghost
  5630 | D:6      | Reached skill level 5 in Dodging
  5976 | D:6      | Found a runed translucent door.
  5977 | D:6      | Noticed Crazy Yiuf
  5982 | D:6      | Killed Crazy Yiuf
  6356 | D:6      | Identified 2 scrolls of acquirement
  6356 | D:6      | Acquired a manual of Shapeshifting
  6358 | D:6      | Acquired 794 gold pieces
  6391 | D:7      | Found a flagged portal.
  6469 | Bailey   | Entered a bailey
  6866 | Bailey   | Noticed an orc knight
  6886 | Bailey   | Elyvilon protects you from harm!
  6888 | Bailey   | Killed an orc knight
  6889 | Bailey   | Reached XP level 10. HP: 6/71 MP: 10/10
  7140 | Bailey   | Acquired an amulet of reflection
  7166 | Bailey   | Found an iron altar of Okawaru.
  7171 | Bailey   | Noticed a rust devil
  7171 | Bailey   | Noticed a rust devil
  7172 | Bailey   | Noticed a sixfirhy
  7176 | Bailey   | Reached skill level 10 in Shapeshifting
  7187 | Bailey   | HP: 2/71 [orc warrior/+0 broad axe (11)]
  7190 | Bailey   | Mangled by an orc warrior

Illustrated notes

Levels and vault maps discovered:
D:1:      lemuel_arrival_lava_pool, layout_loops_ring
D:2:      layout_basic, uniq_sigmund
D:3:      layout_basic, nicolae_kite_square_tiling_tiny, minivault_23
D:4:      layout_loops_cross, nrook_uturn, uniq_edmund
D:5:      layout_cave_pools, minmay_temple_entry_stoned_glass,
          gup_sewer_entry_glass
D:6:      layout_loops_corners, gammafunk_ghost_grave, uniq_grinder,
          uniq_eustachio, uniq_crazy_yiuf_cottage
D:7:      layout_layer_cave, enter_bailey_5
Temple:   hellmonk_temple_divided_pantheon
Bailey:   bailey_axe_of_yendor_kennysheep, bailey

Skill      XL: |  1  2  3  4  5  6  7  8  9 10 |
---------------+-------------------------------+-----
Dodging        | 2 4 6 |  6.0
Unarmed Combat | 6 7 10 | 10.2
Shapeshifting  | 5 9 10 | 10.0
Fighting       | |  1.1

Action                     |  1- 3 |  4- 6 |  7- 9 | 10-12 || total
---------------------------+-------+-------+-------+-------++-------
  Melee: Unarmed           |    61 |    88 |   332 |    15 ||   496
         Tailslap          |     7 |     8 |    38 |     1 ||    54
         Punch             |     1 |     7 |    10 |       ||    18
  Throw: Dart              |       |       |     2 |       ||     2
Ability: Breathe Acid      |       |       |    20 |     2 ||    22
    Use: Scroll            |       |     3 |     8 |     1 ||    12
         Potion            |       |     1 |       |     1 ||     2
   Stab: Sleeping          |       |     1 |       |       ||     1
 Armour: Skin              |     8 |    15 |    68 |     3 ||    94
  Dodge: Dodged            |    30 |    46 |   200 |     6 ||   282
  Block: Other             |       |       |       |     4 ||     4

Table legend: (Time is in decaauts)
 A = Elapsed time spent in this place.
 B = Non-inter-level travel time spent in this place.
 C = Inter-level travel time spent in this place.
 D = Time resting spent in this place.
 E = Time spent auto-exploring this place.
 F = Levels seen in this place.
 G = Mean time per level.
                   A        B        C        D        E       F      G
               +--------+--------+--------+--------+--------+-----+--------+
         Total |   7276 |   6850 |    426 |      0 |   5325 |  10 |  727.6 |
       Dungeon |   5337 |   4911 |    426 |      0 |   3877 |   7 |  762.4 |
        Temple |     35 |     35 |      0 |      0 |      0 |   1 |   35.0 |
         Sewer |   1195 |   1195 |      0 |      0 |    896 |   1 | 1195.0 |
        Bailey |    708 |    708 |      0 |      0 |    551 |   1 |  708.0 |
               +--------+--------+--------+--------+--------+-----+--------+

Top non-repeatable levels by time:
     D:6: 1388 daAuts
   Sewer: 1195 daAuts
     D:2: 982 daAuts
     D:5: 837 daAuts
     D:4: 746 daAuts
     D:3: 745 daAuts
  Bailey: 708 daAuts
     D:1: 562 daAuts
     D:7: 76 daAuts
  Temple: 35 daAuts
